 Dungeon Crawl Stone Soup version 0.30.1-11-g7821555f0a (webtiles) character file.

Game seed: 9533382320898806570

249 Crocquaman the Conjurer (level 6, 0/37 HPs)
             Began as a Gargoyle Reaver on Dec 15, 2023.
             Was an Initiate of Fedhas.
             Slain by a gnoll sergeant
             ... wielding a +5 trident of pain
              (3 damage)
             ... on level 3 of the Dungeon.
             The game lasted 00:15:46 (1683 turns).

Crocquaman the Conjurer (Gargoyle Reaver)           Turns: 1683, Time: 00:15:47

Health: 0/37       AC: 10    Str: 15    XL:     6   Next: 12%
Magic:  9/9        EV:  9    Int: 14    God:    Fedhas [......]
Gold:   115        SH:  5    Dex:  8    Spells: 9/10 levels left

rFire   . . .        c - +3 spear
rCold   . . .        (no shield)
rNeg    + . .        e - +0 scale mail
rPois   ∞            (no helmet)
rElec   +            (no cloak)
rCorr   .            (no gloves)
SInv    .            (no boots)
Will    .....        g - amulet of reflection Stlth
                     (no ring)
HPRegen 0.26/turn    (no ring)
MPRegen 0.11/turn

%: reflection
@: hasted, very quick
A: sickness immunity, AC +4, negative energy resistance 1, electricity
resistance, torment resistance 1, petrification resistance, clumsy 1
a: Renounce Religion


You were on level 3 of the Dungeon.
You worshipped Fedhas.
Fedhas was noncommittal.
You visited 1 branch of the dungeon, and saw 3 of its levels.

You collected 115 gold pieces.

Inventory:

Hand Weapons
 a - a +0 mace
 c - a +3 spear (weapon)
Armour
 b - a +0 leather armour
 e - a +0 scale mail (worn)
Jewellery
 g - an amulet of reflection (around neck)
Scrolls
 h - 3 scrolls of fog


   Skills:
 * Level 3.2 Fighting
 + Level 3.2 Maces & Flails
 * Level 2.8 Polearms
 + Level 1.4 Armour
 + Level 2.1 Dodging
 + Level 0.2 Stealth
 * Level 0.8 Shields
 * Level 2.5 Spellcasting
 * Level 4.1 Conjurations
 + Level 0.1 Necromancy


You had 9 spell levels left.
You knew the following spells:

 Your Spells              Type           Power      Damage    Failure   Level
a - Kiss of Death         Conj/Necr      28%        2d7       36%         1

Your spell library contained the following spells:

 Spells                   Type           Power      Damage    Failure   Level
 Momentum Strike          Conj/Tloc      14%        3d8       50%         2
 Freeze                   Ice            4%         1d3       65%         1
 Hailstorm                Conj/Ice       7%         3d4       75%         3
 Wereblood                Tmut           1%         N/A       80%         2
 Frozen Ramparts          Ice            2%         1d1       95%         3
 Summon Hydra             Summ           0%         N/A       100%        7
 Sublimation of Blood     Necr           Unusable   N/A       N/A         2

Dungeon Overview and Level Annotations

Branches:
Dungeon (3/15)

Altars:
Fedhas


Innate Abilities, Weirdness & Mutations

You are immune to sickness and miasma.
Your stone body is resilient. (AC +4)
You are immune to poison.
You resist negative energy. (rN+)
You are resistant to electric shocks. (rElec)
You are resistant to unholy torment.
You are immune to petrification.
You are clumsy. (Dex -2)


Message History

You block the gnoll sergeant's attack.
You hit the gnoll sergeant.
The gnoll sergeant is lightly wounded.
A gnoll comes into view. It is wielding a +0 halberd.
The gnoll sergeant barely misses you.
You puncture the gnoll sergeant!
The gnoll sergeant is heavily wounded.
The gnoll sergeant hits you with a +5 trident of pain.
You hit the gnoll sergeant.
The gnoll sergeant is heavily wounded.
You block the gnoll sergeant's attack.
You hit the gnoll sergeant but do no damage.
The gnoll sergeant is heavily wounded.
The gnoll sergeant hits you with a +5 trident of pain!
* * * LOW HITPOINT WARNING * * *
You hit the gnoll sergeant but do no damage.
The gnoll sergeant is heavily wounded.
The gnoll sergeant barely misses you.
You feel yourself speed up. The gnoll sergeant closely misses you.
You hit the gnoll sergeant but do no damage.
You punch the gnoll sergeant, but do no damage.
The gnoll sergeant is heavily wounded.
You closely miss the gnoll sergeant.
The gnoll sergeant is heavily wounded.
The gnoll sergeant completely misses you.
Okay, then.
You hit the gnoll sergeant but do no damage.
The gnoll sergeant is heavily wounded.
The gnoll sergeant hits you but does no damage.
You barely miss the gnoll sergeant.
The gnoll sergeant is heavily wounded.
You hit the gnoll sergeant but do no damage.
The gnoll sergeant is heavily wounded.
The gnoll sergeant hits you with a +5 trident of pain!
* * * LOW HITPOINT WARNING * * *
You hit the gnoll sergeant but do no damage.
The gnoll sergeant is heavily wounded.
The gnoll sergeant hits you with a +5 trident of pain.
You die...
Fedhas appreciates your contribution to the ecosystem.

####### #.....#
#####.###.#
#.......#.#
##.##.#.#.#
#.##.#.#)#########...
#.##.#.......@gggg...
#....#.###########..#
######.# #.# #.###
#.#.. #.#.# #..#
#.#.# ...# #.#.# #..#


You could see a gnoll sergeant and 3 gnolls.

Vanquished Creatures
  Grinder (D:3)
  2 gnolls (D:3)
  An adder (D:2)
  2 worms (D:2)
  2 bats
  3 endoplasms (D:1)
  A goblin (D:1)
  3 hobgoblins (D:1)
  3 quokkas
  3 frilled lizards (D:1)
  7 kobolds
  3 rats
31 creatures vanquished.

Notes
Turn   | Place    | Note
-------+----------+-------------------------------------------
     0 | D:1      | Crocquaman the Gargoyle Reaver began the quest for the Orb.
     0 | D:1      | Reached XP level 1. HP: 12/12 MP: 3/3
   133 | D:1      | Gained mutation: You are clumsy. (Dex -2) [potion of
                  | mutation]
   243 | D:1      | Reached XP level 2. HP: 17/17 MP: 5/5
   859 | D:2      | Reached XP level 3. HP: 5/22 MP: 6/6
  1152 | D:3      | Found a blossoming altar of Fedhas.
  1165 | D:3      | Became a worshipper of Fedhas Madash
  1188 | D:3      | Noticed an oklob plant
  1307 | D:3      | Noticed Grinder
  1307 | D:3      | Paralysed by Grinder for 3 turns
  1333 | D:3      | Paralysed by Grinder for 3 turns
  1337 | D:3      | Killed Grinder
  1338 | D:3      | Reached skill level 1 in Armour
  1338 | D:3      | Reached skill level 4 in Conjurations
  1338 | D:3      | Reached XP level 4. HP: 11/28 MP: 7/7
  1338 | D:3      | Reached XP level 5. HP: 13/32 MP: 8/8
  1338 | D:3      | Reached XP level 6. HP: 15/37 MP: 9/9
  1683 | D:3      | Slain by a gnoll sergeant

Illustrated notes

Levels and vault maps discovered:
D:1:      saegor_arrival_simple_d, layout_basic
D:2:      layout_rooms, hellmonk_ecumenical_altar_crossroads, serial_shops,
          nicolae_lakefront_shop, minmay_goblin_kobold_house
D:3:      layout_basic, tgw_fedhas, uniq_grinder

Skill      XL: |  1  2  3 |
---------------+----------+-----
Fighting       | 3 |  3.2
Polearms       | 2 |  2.8
Armour         | 1 |  1.4
Dodging        | 2 |  2.1
Conjurations   | 4 |  4.1
Maces & Flails | |  3.2
Stealth        | |  0.2
Shields        | |  0.8
Spellcasting   | |  2.5
Necromancy     | |  0.1

Action                     |  1- 3 |  4- 6 || total
---------------------------+-------+-------++-------
  Melee: Mace              |    36 |       ||    36
         Spear             |    82 |    30 ||   112
         Punch             |     1 |     1 ||     2
    Use: Potion            |     2 |     2 ||     4
         Scroll            |     5 |       ||     5
 Armour: Leather armour    |    26 |       ||    26
         Scale mail        |    24 |     6 ||    30
  Dodge: Dodged            |    87 |    12 ||    99
  Block: Other             |     9 |     5 ||    14
